 Dungeon Crawl Stone Soup version 0.29.1-15-g9cfb28693d (webtiles) character file.

Game seed: 17352813507253299701

427 Descartes the Stinger (level 6, -1/36 HPs)
             Began as an Octopode Venom Mage on Apr 8, 2023.
             Was an Initiate of Gozag.
             Slain by an adder (4 damage)
             ... on level 5 of the Dungeon.
             The game lasted 00:14:11 (5530 turns).

Descartes the Stinger (Octopode Venom Mage)         Turns: 5530, Time: 00:14:12

Health: -1/36      AC:  1    Str:  7    XL:     6   Next: 97%
Magic:  9/10       EV: 13    Int: 19    God:    Gozag
Gold:   203        SH:  0    Dex: 13    Spells: 6/11 levels left

rFire   x . .      SeeInvis .   s - +0 sling
rCold   + + .      Faith    .   (no shield)
rNeg    . . .      Spirit   .   (helmet restricted)
rPois   .          Reflect  .   k - amulet of magic regeneration
rElec   .          Harm     .   c - ring of protection from cold
rCorr   .          Rampage  .   d - ring of ice
Will    .....                   (no ring)
Stlth   +++.......              (no ring)
HPRegen 0.12/turn               (no ring)
MPRegen 0.52/turn               (no ring)
                                (no ring)
                                (no ring)

@: lethally poisoned (-1 -> -3), very slightly contaminated
A: almost no armour, amphibious, 8 rings, camouflage 1, gelatinous body 1,
(nimble swimmer 1), tentacles
a: Renounce Religion, Potion Petition, Call Merchant, Bribe Branch


You were on level 5 of the Dungeon.
You worshipped Gozag.
Gozag was aware of your devotion.
You visited 2 branches of the dungeon, and saw 6 of its levels.

You collected 255 gold pieces.
You paid 52 gold pieces to Gozag.

Inventory:

Hand Weapons
 s - a +0 sling (weapon)
 t - a +0 dagger of freezing
 v - a +0 mace of holy wrath
Missiles
 n - 4 javelins
 w - 4 poisoned darts
Jewellery
 c - a ring of protection from cold (left tentacle)
 d - a ring of ice (right tentacle)
 k - an amulet of magic regeneration (around mantle)
 x - an amulet of the acrobat
Wands
 z - a wand of flame (30)
Scrolls
 b - a scroll of fear {unknown}
 e - a scroll of vulnerability {unknown}
 f - a scroll of immolation {unknown}
 g - a scroll of acquirement {unknown}
 i - 2 scrolls of fog {unknown}
 j - a scroll of enchant armour {unknown}
 l - 6 scrolls of teleportation {unknown}
 m - 2 scrolls of blinking {unknown}
 p - 5 scrolls of identify {unknown}
 r - a scroll of noise {unknown}
 u - a scroll of poison {unknown}
 y - a scroll of torment {unknown}
 A - a scroll of amnesia {unknown}
Potions
 a - a potion of magic
 h - 2 potions of flight {unknown}
 o - a potion of heal wounds
 q - a potion of attraction {unknown}
 B - a potion of haste {unknown}
 C - a potion of lignification {unknown}


   Skills:
 - Level 2.0 Dodging
 - Level 2.6 Stealth
 + Level 3.1 Spellcasting
 - Level 1.0 Transmutations
 + Level 7.8 Poison Magic
 + Level 2.7 Evocations


You had 6 spell levels left.
You knew the following spells:

 Your Spells              Type           Power      Damage    Failure   Level
a - Sting                 Tmut/Pois      76%        1d6       2%          1
b - Olgreb's Toxic Radia  Pois           32%        N/A       6%          4

Your spell library contained the following spells:

 Spells                   Type           Power      Damage    Failure   Level
 Poisonous Vapours        Pois/Air       34%        N/A       4%          2
 Mephitic Cloud           Conj/Pois/Air  12%        N/A       16%         3
 Static Discharge         Conj/Air       3%         3-4/arc   22%         2
 Borgnjor's Vile Clutch   Necr/Erth      1%         N/A       99%         5
 Lightning Bolt           Conj/Air       1%         1d12      99%         5
 Death Channel            Necr           1%         N/A       100%        6
 Maxwell's Capacitive Co  Air            1%         ∞         100%        8
 Animate Dead             Necr           Unusable   N/A       N/A         4

Dungeon Overview and Level Annotations

Branches:
Dungeon (5/15)             Temple (1/1) D:5

Altars:
Ashenzari
Dithmenos
Elyvilon
Fedhas
Gozag
Hepliaklqana
Kikubaaqudgha
Makhleb
Nemelex Xobeh
Qazlal
Ru
Sif Muna
Uskayaw
Vehumet
Zin
The Shining One

Shops:
D:5 :


Innate Abilities, Weirdness & Mutations

You cannot wear most types of armour.
You are amphibious.
You can wear up to eight rings at the same time.
Your skin changes colour to match your surroundings (Stealth+).
Your rubbery body absorbs attacks. (AC +1, EV +1)
((You are camouflaged when in or above water. (Stealth+)))
You have tentacles for arms and can constrict up to eight enemies at once.


Message History

Casting: Sting (safe; 2% risk of failure)
Confirm with . or Enter, or press ? or * to list all spells.
Aiming: Sting (safe; 2% risk of failure)
Press: ? - help, Shift-Dir - straight line, f/p - necrophage
Aim: a necrophage (lightly damaged, 74% to hit)
The sting hits the adder.
The adder is poisoned.
The adder is severely wounded.
The adder bites you.
Casting: Sting (safe; 2% risk of failure)
Confirm with . or Enter, or press ? or * to list all spells.
Aiming: Sting (safe; 2% risk of failure)
Press: ? - help, Shift-Dir - straight line, f/p - necrophage
Aim: a necrophage (lightly damaged, 74% to hit)
You miscast Sting.
You are very lightly contaminated with residual magic.
Nothing appears to happen.
The adder barely misses you.
Unknown command.
The adder bites you.
You are poisoned.
The adder poisons you! The adder attacks as you move away! The adder bites you.
* * * LOW HITPOINT WARNING * * *
x2 You feel sick.
* * * LOW HITPOINT WARNING * * *
You feel sick. The adder attacks as you move away!
The adder bites you but does no damage.
* * * LOW HITPOINT WARNING * * *
You feel sick. The adder closely misses you.
Casting: Sting (safe; 2% risk of failure)
Confirm with . or Enter, or press ? or * to list all spells.
Aiming: Sting (safe; 2% risk of failure)
Press: ? - help, Shift-Dir - straight line, f/p - necrophage
Aim: a necrophage (lightly damaged, 74% to hit)
The sting misses the adder.
The sting hits the necrophage.
The necrophage partially resists.
The necrophage is lightly damaged.
* * * LOW HITPOINT WARNING * * *
You feel sick. The adder bites you.
You die...
Your body crumbles into a pile of gold.

##########.# #####..#
#.......##.# ##..
#.......##.# ##.
#.......##5# ##
#....<.....#### #
#.......#....<#######
####.####.###.5..)...
#.# #.# ######### #@#
#.# #... #S# #.#
#..## #n# #.# #.. #.#
#.# #. #.# #.# #
#.####.# #.##...
#..#.##### ##........


You could see a necrophage and an adder (poisoned).

Vanquished Creatures
  An ogre (D:5)
  Blork the orc (D:4)
  A scorpion (D:5)
  A hound (D:4)
  An orc priest (D:5)
  An orc wizard (D:5)
  3 adders
  An ufetubus (D:4)
  2 dart slugs
  14 orcs
  7 ball pythons
  12 endoplasms
  3 giant cockroaches (D:3)
  5 hobgoblins
  4 quokkas
  9 bats
  4 frilled lizards
  10 goblins
  5 kobolds
  4 rats (D:3)
89 creatures vanquished.

Notes
Turn   | Place    | Note
-------+----------+-------------------------------------------
     0 | D:1      | Descartes the Octopode Venom Mage began the quest for the
                  | Orb.
     0 | D:1      | Reached XP level 1. HP: 11/11 MP: 3/3
   191 | D:1      | Found a faded altar of an unknown god.
   201 | D:1      | Reached skill level 4 in Poison Magic
   231 | D:1      | Reached XP level 2. HP: 17/17 MP: 0/5
  1166 | D:1      | Reached XP level 3. HP: 21/21 MP: 4/6
  1200 | D:1      | Reached skill level 5 in Poison Magic
  2700 | D:3      | Reached XP level 4. HP: 26/27 MP: 4/7
  2807 | D:3      | Reached skill level 6 in Poison Magic
  2989 | D:3      | Found a shadowy altar of Dithmenos.
  3091 | D:3      | Found a sacrificial altar of Ru.
  3233 | D:3      | Learned a level 4 spell: Olgreb's Toxic Radiance
  3830 | D:4      | Reached skill level 7 in Poison Magic
  3830 | D:4      | Reached XP level 5. HP: 14/31 MP: 1/8
  4144 | D:4      | Noticed Blork the orc
  4170 | D:4      | Killed Blork the orc
  4171 | D:4      | Reached skill level 1 in Evocations
  4484 | D:5      | Entered Level 5 of the Dungeon
  4528 | D:5      | Found Ofisk's Vocational Training.
  4542 | D:5      | Found a staircase to the Ecumenical Temple.
  4551 | Temple   | Entered the Ecumenical Temple
  4672 | Temple   | Became a worshipper of Gozag Ym Sagoz the Greedy
  4746 | D:5      | Reached XP level 6. HP: 9/36 MP: 7/9
  5321 | D:5      | Noticed Pikel
  5530 | D:5      | Slain by an adder

Illustrated notes

Levels and vault maps discovered:
D:1:      nzn_arrival_settlement, layout_basic, basic_ecumenical_altar
D:2:      layout_basic, minmay_indecisive_spiral
D:3:      layout_loops_cross, nicolae_dithmenos_the_darkroom,
          nicolae_ru_great_annihilating_truth, minmay_vboxes
D:4:      layout_cave_pools, nicolae_concentric_dashed_squares_mild,
          uniq_blork_the_orc
D:5:      layout_rooms, minmay_temple_entry_grid, nicolae_shop_vocational,
          uniq_pikel
Temple:   jpeg_temple_clearing

Skill      XL: |  1  2  3  4  5  6 |
---------------+-------------------+-----
Poison Magic   | 4 5 7 |  7.8
Evocations     | 1 2 |  2.7
Spellcasting   | 3 |  3.1
Dodging        | |  2.0
Stealth        | |  2.6
Transmutations | |  1.0

Action                   |  1- 3 |  4- 6 || total
-------------------------+-------+-------++-------
Melee: Dagger            |     1 |       ||     1
       Sling             |       |     1 ||     1
       Constrict         |       |     1 ||     1
 Fire: Sling             |    13 |    54 ||    67
 Cast: Sting             |    86 |    73 ||   159
       Olgreb's Toxic Ra |       |     7 ||     7
Armor: Skin              |     6 |     3 ||     9
Dodge: Dodged            |    26 |    38 ||    64
